 Dungeon Crawl Stone Soup version 0.31-a0-441-g867994ef1c (webtiles) character file.

Game seed: 4753109910741758110

72693 IYTBazzie the Nimble (level 15, -2/79 HPs)
             Began as a Spriggan Fighter on Aug 1, 2023.
             Was the Champion of Jiyva.
             Succumbed to a swamp dragon's poison gas
             ... on level 1 of the Swamp on Aug 2, 2023.
             The game lasted 01:55:10 (18504 turns).

IYTBazzie the Nimble (Spriggan Fighter)            Turns: 18504, Time: 01:55:11

Health: -2/79      AC:  3    Str: 15    XL:     15   Next: 1%
Magic:  16/16      EV: 38    Int:  7    God:    Jiyva [******]
Gold:   327        SH:  9    Dex: 34    Spells: 14/14 levels left

rFire   + + .        k - +0 long sword (heavy)
rCold   . . .        c - +0 buckler
rNeg    + . .        e - +1 troll leather armour {Pargi}
rPois   .            (helmet restricted)
rElec   .            (no cloak)
rCorr   +            (gloves unavailable)
SInv    +            (boots unavailable)
Will    +++..        (no amulet)
Stlth   ++++         j - +6 ring of dexterity
HPRegen 2.73/turn    x - ring "Teon Wott" {*Corrode rF++ rN+ Will+}
MPRegen 0.65/turn

%: corrode self (3%)
@: lethally poisoned (-2 -> -18), slow
A: very small, no large weapons, unfitting armour, see invisible, speed 3, thin
skeletal structure 1, camouflage 1, agile 1, strong 1, wild magic 3, pseudopods
1
a: Renounce Religion, Oozemancy, Slimify


You were on level 1 of the Swamp.
You worshipped Jiyva.
Jiyva was exalted by your worship.
You visited 5 branches of the dungeon, and saw 20 of its levels.
You also visited: Sewer and Gauntlet.

You collected 1030 gold pieces.
You spent 703 gold pieces at shops.

Inventory:

Hand Weapons
 k - a +0 heavy long sword (weapon)
Armour
 c - a +0 buckler (worn)
 e - a +1 troll leather armour (worn) {Pargi}
Jewellery
 a - a ring of willpower
 g - a ring of flight
 h - a ring of magical power
 j - a +6 ring of dexterity (left hand)
 q - an amulet of magic regeneration
 x - the ring "Teon Wott" (right hand) {*Corrode rF++ rN+ Will+}
   (You took it off a minotaur in a Gauntlet)

   [ring of willpower]

   rF:        It greatly protects you from fire.
   rN:        It protects you from negative energy.
   *Corrode:  It may corrode you when you take damage.
   Will:      It increases your willpower.
Wands
 f - a wand of quicksilver (4) (quivered)
Scrolls
 b - 3 scrolls of immolation
 d - 5 scrolls of identify
 i - a scroll of revelation
 l - 2 scrolls of amnesia
Potions
 m - 2 potions of brilliance
 n - a potion of degeneration
 r - a potion of enlightenment
Miscellaneous
 o - a tin of tremorstones (1/2)
 p - a phantom mirror
 u - a phial of floods (inert)
 v - a sack of spiders


   Skills:
 + Level 9.1 Fighting
 + Level 8.5(13.8) Short Blades
 + Level 13.3(13.9) Long Blades
 + Level 0.2 Throwing
 + Level 4.6 Armour
 + Level 14.7 Dodging
 + Level 12.8 Stealth
 + Level 7.7 Shields
 + Level 4.9 Evocations


You had 14 spell levels left.
You didn't know any spells.
Your spell library contained the following spells:

 Spells                   Type           Power      Damage    Failure   Level
 Kiss of Death            Conj/Necr      0%         2d5       80%         1
 Lesser Beckoning         Tloc           0%         N/A       89%         2
 Poisonous Vapours        Pois/Air       0%         N/A       89%         2
 Call Canine Familiar     Summ           0%         N/A       98%         3
 Gell's Gravitas          Tloc           0%         N/A       98%         3
 Mephitic Cloud           Conj/Pois/Air  0%         N/A       98%         3
 Portal Projectile        Hex/Tloc       0%         N/A       98%         3
 Teleport Other           Tloc           0%         N/A       98%         3
 Tukima's Dance           Hex            0%         N/A       98%         3
 Leda's Liquefaction      Hex/Erth       0%         N/A       100%        4
 Passage of Golubria      Tloc           0%         N/A       100%        4
 Freezing Cloud           Conj/Ice/Air   0%         6-21      100%        5
 Yara's Violent Unravell  Hex/Tmut       0%         3d3       100%        5


Dungeon Overview and Level Annotations

Branches:
Dungeon (11/15)            Temple (0/1) D:4            Lair (5/5) D:11
  Swamp (1/4) Lair:3       Spider (0/4) Lair:3          Orc (2/2) D:9
    Elf (1/3) Orc:2         Sewer (visited)         Gauntlet (visited)
  Slime: Lair:4-5

Altars:
Dithmenos
Hepliaklqana
Kikubaaqudgha
Okawaru
Ru
Sif Muna
Trog
Vehumet
Yredelemnul
Jiyva

Shops:
D:8 :?   Orc:2 *=(*

Annotations:
D:3 Grinder
D:4 Dowan, Duvessa
D:5 3 runed translucent doors


Innate Abilities, Weirdness & Mutations

You are very small and have problems with some larger weapons.
You are too small for most types of armour.
You have supernaturally acute eyesight. (SInv)
You cover ground extremely quickly. (Speed+++)
You have a somewhat thin skeletal structure. (Dex +2, Stealth+)
Your skin changes colour to match your surroundings (Stealth+).
You are agile. (Dex +4, Str/Int -1)
Your muscles are strong. (Str +4, Int/Dex -1)
Your spells are much harder to cast, but much more powerful.
Armour fits poorly on your pseudopods.


Message History

You are engulfed in poison gas.
You are poisoned.
You feel very sick. The foxfire hits you! You resist. The foxfire hits you.
You resist.
The jelly hits the will-o-the-wisp but does no damage.
The will-o-the-wisp gestures.
The will-o-the-wisp conjures some foxfire!
The swamp dragon completely misses you. The swamp dragon barely misses you.
The swamp dragon tramples you.
* * * LOW HITPOINT WARNING * * *
You hold your ground!
The jelly hits the will-o-the-wisp.
The will-o-the-wisp is splashed with acid.
The acid corrodes the will-o-the-wisp! 2 foxfires come into view.
You enter the shallow water.
Moving in this stuff is going to be slow.
You are engulfed in poison gas.
You are more poisoned.
* * * LOW HITPOINT WARNING * * *
You feel very sick.
The foxfire hits the jelly!
The jelly dies!
The swamp dragon completely misses you. The swamp dragon misses you.
The swamp dragon tramples you.
* * * LOW HITPOINT WARNING * * *
You hold your ground!
The will-o-the-wisp attacks as you move away!
The will-o-the-wisp completely misses you.
* * * LOW HITPOINT WARNING * * *
You feel extremely sick.
You feel very sick.
The swamp dragon breathes poison at you.
The blast of poison misses you.
Okay, then.
Okay, then.
You enter the shallow water.
Moving in this stuff is going to be slow.
You are engulfed in poison gas.
You are lethally poisoned!
* * * LOW HITPOINT WARNING * * *
You die...

♣♣.~~.♣~~.§~..♣ .~♣♣♣
♣..~~..~~~§..♣ ....~
♣~..........♣ ~~...♣♣♣
♣..~~§~°.~°.♣ ~~~....~
♣~.~~~~°~~~~♣♣ .~~~...~
♣♣♣~☼~D~○~~~~♣
~~~~~~.♣♣♣♣♣♣♣~☼☼v♣♣♣°♣♣♣
~~~~§~.♣~.~.♣♣§○§♣♣ ♣
~~~~~~~..~~~♣♣.§@§♣ ♣♣♣♣♣
~~~~§~~~~...<~☼☼~.♣♣♣♣♣§~~♣♣
§~....~~....♣♣♣.......~~~~.♣
~~.♣.....~~)♣♣♣♣♣~....~~~.♣♣
~~~♣♣♣♣..~)~.♣ ♣.~~.~~...♣
..~~..~♣~.~~.♣♣♣♣.~~~.~..♣♣♣
♣♣♣......~~.~♣♣~.~~~..♣~...♣♣
~♣♣)~..♣.~~~.~~..~~~~~..~~..♣
§.~....♣~...~♣♣....~~......~♣


You could see a swamp dragon (catching breath) and a will-o-the-wisp (corroded).

Vanquished Creatures
  A frost giant (Lair:3)
  A deep elf annihilator (Elf:1)
  A bunyip (Lair:3)
  Josephine (Orc:1)
  A hydra (Lair:2)
  Erica (D:9)
  2 boulder beetles (D:11)
  A dancing weapon (Elf:1)
  A catoblepas (Lair:2)
  A tengu warrior (D:11)
  A death scarab (Gauntlet)
  3 orc high priests (Orc:2)
  7 death yaks
  A deep elf knight (Elf:1)
  A skyshark (Lair:4)
  A sixfirhy (Gauntlet)
  A goliath frog (Swamp:1)
  A spriggan druid (Lair:3)
  4 deep elf zephyrmancers (Elf:1)
  2 orc knights
  5 deep elf pyromancers (Elf:1)
  An orc sorcerer (D:9)
  A cyclops (D:11)
  2 will-o-the-wisps
  10 elephants
  3 black mambas
  4 cane toads
  10 rime drakes
  5 komodo dragons
  A troll (Orc:2)
  2 polar bears (Lair:3)
  A hornet (Lair:3)
  3 blink frogs
  2 spriggans
  A centaur simulacrum (Gauntlet)
  2 wraiths
  A shadow (D:11)
  2 vampires
  A basilisk (Lair:1)
  26 yaks
  2 wyverns
  A hog (Lair:3)
  10 steam dragons
  A redback (Lair:3)
  4 wargs
  2 swamp worms
  An acid dragon (Lair:3)
  11 water moccasins
  A swamp drake (Swamp:1)
  Pargi (D:3)
  2 ice beasts
  21 orc warriors
  2 ogres
  10 wolves
  3 centaurs
  2 phantoms (D:6)
  Blork the orc (D:4)
  6 kobold brigands
  12 bullfrogs
  2 scorpions
  6 wights
  13 killer bees (D:9)
  6 electric eels (Lair:1)
  5 howler monkeys
  A wyvern simulacrum (Gauntlet)
  20 orc priests
  A gnoll bouda (Orc:2)
  3 hounds
  6 hell rats (Lair:1)
  2 iguanas (D:5)
  19 orc wizards
  16 gnolls
  5 adders
  A river rat (Sewer)
  3 shadow imps
  4 ufetubi
  5 worms
  A dart slug (D:4)
  51 orcs
  3 endoplasms
  6 giant cockroaches
  9 goblins
  9 hobgoblins
  25 kobolds
  5 quokkas
  16 ball pythons
  5 bats
  5 frilled lizards
  9 rats
471 creatures vanquished.

Vanquished Creatures (collateral kills)
  An eleionoma (Lair:3)
  A minotaur (Gauntlet)
  A deep elf death mage (Elf:1)
  A boulder beetle (D:11)
  A death scarab (Gauntlet)
  4 death yaks
  A dancing weapon (Elf:1)
  An orc high priest (Orc:2)
  2 deep elf knights (Elf:1)
  A spectral catoblepas (Gauntlet)
  A spriggan druid (Swamp:1)
  8 orc knights
  A lindwurm (Lair:4)
  3 deep elf archers (Elf:1)
  2 deep elf pyromancers (Elf:1)
  3 deep elf zephyrmancers (Elf:1)
  A cyclops (Orc:1)
  An elephant (Lair:4)
  A komodo dragon (Lair:2)
  2 rime drakes (Lair:3)
  A hornet (Swamp:1)
  A blink frog (Lair:3)
  A jumping spider (Lair:3)
  2 spectral black mambas (Gauntlet)
  A culicivora (Lair:3)
  2 spriggans
  A wyvern (D:8)
  9 yaks
  4 wraiths (Orc:1)
  4 vampire mosquitoes (D:6)
  A spectral komodo dragon (Gauntlet)
  3 steam dragons
  2 hogs (Lair:3)
  A swamp worm (Swamp:1)
  20 orc warriors
  A bullfrog (D:7)
  A wight (D:7)
  3 orc priests
  4 orc wizards
  5 orcs
104 creatures vanquished.

Vanquished Creatures (others)
  A two-headed ogre (shapeshifter) (Elf:1)
  2 orc high priests (Orc:2)
  2 glowing orange brains (Gauntlet)
  A deep elf pyromancer (Elf:1)
  The ghost of RepHenryClay the Conjurer, an amateur DEAE (D:5)
  A hog (Lair:3)
  2 yaks
  2 steam dragons (Lair:3)
  A wolf (Lair:4)
  2 bullfrogs
  A scorpion (D:11)
  A wight (D:8)
  85 jellies
  2 orc priests (Orc:2)
  7 orc wizards
  2 gnolls (D:6)
  10 orcs
  5 endoplasms
  A hobgoblin (D:2)
  5 kobolds
  A quokka (D:4)
  3 goblins
  13 foxfires
151 creatures vanquished.

Grand Total: 726 creatures vanquished

Notes
Turn   | Place    | Note
-------+----------+-------------------------------------------
     0 | D:1      | IYTBazzie the Spriggan Fighter began the quest for the Orb.
     0 | D:1      | Reached XP level 1. HP: 11/11 MP: 2/2
   295 | D:1      | Reached XP level 2. HP: 11/16 MP: 3/3
   431 | D:1      | Reached skill level 1 in Stealth
   666 | D:2      | Reached XP level 3. HP: 13/19 MP: 4/4
   701 | D:2      | You fall into a shaft and drop 1 floor!
   703 | D:3      | Noticed Pargi
   715 | D:3      | Killed Pargi
   716 | D:3      | Reached skill level 5 in Dodging
   716 | D:3      | Reached XP level 4. HP: 12/23 MP: 5/5
   957 | D:3      | Reached XP level 5. HP: 28/28 MP: 6/6
  1190 | D:3      | Noticed Grinder
  1316 | D:2      | Found a faded altar of an unknown god.
  1326 | D:2      | Prayed at the altar of an unknown god.
  1326 | D:2      | Became a worshipper of Jiyva Juilewyi the Shapeless
  1326 | D:2      | Reached * piety under Jiyva
  1335 | D:2      | Found a hazy altar of Hepliaklqana.
  1937 | D:3      | Reached ** piety under Jiyva
  1955 | D:3      | Found a shadowy altar of Dithmenos.
  1955 | D:3      | Found a basalt altar of Yredelemnul.
  2001 | D:3      | Paralysed by Grinder for 2 turns
  2712 | D:4      | Reached XP level 6. HP: 29/32 MP: 7/7
  2757 | D:4      | Reached skill level 1 in Armour
  2880 | D:4      | Noticed Duvessa
  3059 | D:4      | Noticed Dowan
  3182 | D:4      | Found a staircase to the Ecumenical Temple.
  3270 | D:4      | Noticed Blork the orc
  3284 | D:4      | Killed Blork the orc
  3401 | D:4      | Reached *** piety under Jiyva
  3655 | D:5      | Entered Level 5 of the Dungeon
  3663 | D:5      | Upgraded the game from 0.31-a0-435-g2c6fae2916 to
                  | 0.31-a0-441-g867994ef1c
  3693 | D:5      | Found a runed translucent gate.
  3693 | D:5      | Found a runed translucent gate.
  3693 | D:5      | Found a runed translucent gate.
  3702 | D:5      | Noticed RepHenryClay's ghost (amateur DEAE)
  3738 | D:5      | Found a bloodstained altar of Trog.
  3939 | D:5      | Gained mutation: You have a pair of small horns on your
                  | head. [Jiyva's grace]
  3939 | D:5      | Gained mutation: You have a pair of horns on your head.
                  | [Jiyva's grace]
  3939 | D:5      | Gained mutation: You have a pair of large horns on your
                  | head. [Jiyva's grace]
  3939 | D:5      | Gained mutation: You are strong-willed. (Will+) [Jiyva's
                  | grace]
  4146 | D:5      | Reached skill level 5 in Short Blades
  4146 | D:5      | Reached XP level 7. HP: 36/36 MP: 8/8
  4199 | D:5      | Reached skill level 6 in Dodging
  4444 | D:5      | Found an iron altar of Okawaru.
  4569 | D:5      | Killed RepHenryClay's ghost
  4910 | D:6      | Reached **** piety under Jiyva
  4932 | D:6      | Identified the +6 chain mail of the Battered Souls {rF+}
  4969 | D:6      | Noticed a vampire mosquito
  5100 | D:6      | Reached XP level 8. HP: 36/42 MP: 9/9
  5251 | D:6      | Found a glowing drain.
  5267 | Sewer    | Entered a sewer
  5585 | D:6      | Found an ancient bone altar of Kikubaaqudgha.
  5600 | D:6      | Found a radiant altar of Vehumet.
  5605 | D:6      | Got Vehumet's Octavo of Fulmination
  5614 | D:6      | Found a shimmering blue altar of Sif Muna.
  5776 | D:6      | Reached ***** piety under Jiyva
  5777 | D:6      | Lost mutation: You are strong-willed. (Will+) [Jiyva's
                  | grace]
  5777 | D:6      | Gained mutation: Your melee attacks may engulf your foes in
                  | ooze. [Jiyva's grace]
  5777 | D:6      | Gained mutation: You have hidden genetic potential.
                  | [Jiyva's grace]
  5777 | D:6      | Gained mutation: You have great hidden genetic potential.
                  | [Jiyva's grace]
  5777 | D:6      | Gained mutation: Your spells are a little harder to cast,
                  | but a little more powerful. [Jiyva's grace]
  5818 | D:6      | Reached skill level 7 in Dodging
  5887 | D:6      | Reached skill level 5 in Stealth
  5909 | D:6      | Reached XP level 9. HP: 14/45 MP: 10/10
  6150 | D:7      | Gained mutation: You are partially covered in iridescent
                  | scales. (AC +2) [hidden potential]
  6218 | D:7      | Reached skill level 1 in Long Blades
  6218 | D:7      | Reached skill level 8 in Dodging
  6628 | D:8      | Found Cifautz's Self-Improvement Boutique.
  6899 | D:8      | Reached ****** piety under Jiyva
  6899 | D:8      | Lost mutation: You have a pair of large horns on your head.
                  | [Jiyva's grace]
  6899 | D:8      | Lost mutation: You have a pair of horns on your head.
                  | [Jiyva's grace]
  6899 | D:8      | Lost mutation: You are partially covered in iridescent
                  | scales. (AC +2) [Jiyva's grace]
  6899 | D:8      | Lost mutation: You have great hidden genetic potential.
                  | [Jiyva's grace]
  6899 | D:8      | Lost mutation: You have hidden genetic potential. [Jiyva's
                  | grace]
  6899 | D:8      | Lost mutation: Your melee attacks may engulf your foes in
                  | ooze. [Jiyva's grace]
  6899 | D:8      | Gained mutation: Your translucent skin slightly reduces
                  | your foes' accuracy. (Stealth+) [Jiyva's grace]
  6899 | D:8      | Gained mutation: Your translucent skin reduces your foes'
                  | accuracy. (Stealth+) [Jiyva's grace]
  6899 | D:8      | Gained mutation: Your transparent skin significantly
                  | reduces your foes' accuracy. (Stealth+) [Jiyva's grace]
  6899 | D:8      | Gained mutation: Your body has grown eyes which may confuse
                  | attackers. (Acc +3) [Jiyva's grace]
  7121 | D:8      | Found Fagaed's Magic Scroll Boutique.
  7124 | D:8      | Bought a scroll of enchant armour for 105 gold pieces
  7124 | D:8      | Bought a scroll of enchant weapon for 105 gold pieces
  7124 | D:8      | Bought 2 scrolls of identify for 56 gold pieces
  7413 | D:9      | Reached skill level 5 in Fighting
  7413 | D:9      | Reached XP level 10. HP: 51/51 MP: 11/11
  7419 | D:9      | Reached skill level 9 in Dodging
  7573 | D:9      | Found a sacrificial altar of Ru.
  7582 | D:9      | Reached skill level 5 in Long Blades
  7631 | D:9      | Noticed Erica
  7678 | D:9      | Found a staircase to the Orcish Mines.
  8677 | D:9      | Killed Erica
  8678 | D:9      | Reached skill level 10 in Dodging
  8781 | Orc:1    | Entered Level 1 of the Orcish Mines
  8791 | Orc:1    | Noticed an orc knight
  8794 | Orc:1    | Noticed an orc sorcerer
  8803 | Orc:1    | Killed an orc knight
  8806 | Orc:1    | Noticed a rust devil
  8835 | D:10     | Entered Level 10 of the Dungeon
  8879 | D:10     | Reached XP level 11. HP: 56/56 MP: 12/12
  8937 | D:10     | Gained mutation: Armour fits poorly on your pseudopods.
                  | [Jiyva's grace]
  8937 | D:10     | Gained mutation: Armour fits poorly on your large
                  | pseudopods. [Jiyva's grace]
  8937 | D:10     | Gained mutation: Armour fits poorly on your massive
                  | pseudopods. [Jiyva's grace]
  8937 | D:10     | Gained mutation: You have acidic saliva. [Jiyva's grace]
  9010 | D:10     | Reached skill level 5 in Shields
  9328 | D:9      | Killed an orc sorcerer
  9383 | Orc:1    | Noticed Josephine
  9396 | Orc:1    | Killed Josephine
  9452 | Orc:1    | Noticed an orc knight
  9622 | Orc:1    | Killed an orc knight
  9735 | Orc:2    | Entered Level 2 of the Orcish Mines
  9785 | Orc:2    | Noticed an orc knight
  9832 | Orc:2    | Killed an orc knight
 10055 | Orc:2    | Noticed an orc knight
 10084 | Orc:2    | Killed an orc knight
 10224 | Orc:2    | Reached skill level 11 in Dodging
 10314 | Orc:2    | Found a staircase to the Elven Halls.
 10380 | Orc:2    | Noticed an orc knight
 10427 | Orc:2    | Killed an orc knight
 10529 | Orc:2    | Noticed an orc high priest
 10562 | Orc:2    | Noticed a sun demon
 10736 | Orc:1    | You are sucked into a shaft and drop 1 floor!
 10773 | Orc:2    | Killed an orc high priest
 10868 | Orc:2    | Reached XP level 12. HP: 62/62 MP: 13/13
 11062 | Orc:2    | Noticed an orc high priest
 11136 | Orc:2    | Killed an orc high priest
 11287 | Orc:2    | Noticed an orc high priest
 11295 | Orc:2    | Reached skill level 10 in Long Blades
 11436 | Orc:2    | Killed an orc high priest
 11469 | Orc:2    | Noticed an orc high priest
 11520 | Orc:2    | Killed an orc high priest
 11536 | Orc:2    | Noticed an orc high priest
 11538 | Orc:2    | Noticed an orc high priest
 11582 | Orc:2    | Killed an orc high priest
 11591 | Orc:2    | Killed an orc high priest
 11654 | Orc:2    | Found Iffuer's Jewellery Emporium.
 11657 | Orc:2    | Found Susudaip's Weapon Shoppe.
 11658 | Orc:2    | Found Kikuer's General Store.
 11659 | Orc:2    | Found Ogitsal's Assorted Antiques.
 11670 | Orc:2    | Bought a scroll of identify for 22 gold pieces
 11670 | Orc:2    | Bought a ring of willpower for 275 gold pieces
 11670 | Orc:2    | Bought a potion of resistance for 110 gold pieces
 11675 | Orc:2    | Bought a scroll labelled REYNKO AGUIT for 30 gold pieces
 11722 | Elf:1    | Entered Level 1 of the Elven Halls
 11746 | Elf:1    | Noticed a deep elf death mage
 11767 | Elf:1    | Killed a deep elf death mage
 11822 | Elf:1    | Killed a two-headed ogre
 11898 | Elf:1    | Reached skill level 10 in Stealth
 11954 | Elf:1    | Reached XP level 13. HP: 43/64 MP: 14/14
 11975 | Elf:1    | Reached skill level 12 in Dodging
 12018 | Elf:1    | Gained mutation: Your muscles are strong. (Str +4, Int/Dex
                  | -1) [Jiyva's grace]
 12018 | Elf:1    | Gained mutation: Your muscles are very strong. (Str +8,
                  | Int/Dex -2) [Jiyva's grace]
 12018 | Elf:1    | Gained mutation: Your body has grown many eyes which may
                  | confuse attackers. (Acc +5) [Jiyva's grace]
 12018 | Elf:1    | Gained mutation: Your body is covered in eyes which may
                  | confuse attackers. (Acc +7, SInv) [Jiyva's grace]
 12061 | Elf:1    | Noticed a deep elf annihilator
 12191 | Elf:1    | Killed a deep elf annihilator
 12229 | Elf:1    | Noticed a deep elf demonologist
 12255 | Elf:1    | Noticed a Tzitzimitl
 12257 | Elf:1    | Noticed a reaper
 12554 | D:11     | Found a staircase to the Lair.
 13552 | Lair:1   | Entered Level 1 of the Lair of Beasts
 13701 | Lair:1   | Lost mutation: You have a pair of small horns on your head.
                  | [Jiyva's grace]
 13701 | Lair:1   | Lost mutation: Your muscles are very strong. (Str +8,
                  | Int/Dex -2) [Jiyva's grace]
 13701 | Lair:1   | Lost mutation: Your spells are a little harder to cast, but
                  | a little more powerful. [Jiyva's grace]
 13701 | Lair:1   | Gained mutation: You are covered in slimy tendrils that may
                  | disarm your opponents. [Jiyva's grace]
 13701 | Lair:1   | Gained mutation: Your rubbery body absorbs attacks. (AC +1,
                  | EV +1) [Jiyva's grace]
 13701 | Lair:1   | Gained mutation: Your pliable body absorbs attacks. (AC +2,
                  | EV +2) [Jiyva's grace]
 13701 | Lair:1   | Gained mutation: Your gelatinous body deflects attacks. (AC
                  | +3, EV +3) [Jiyva's grace]
 13776 | Lair:1   | Identified the +4 war axe "Muonoxod" {flame, SInv}
 13983 | Lair:1   | Identified the +7 quarterstaff of the End of Times {heavy,
                  | Stlth+}
 15071 | Lair:2   | Lost mutation: Your body is covered in eyes which may
                  | confuse attackers. (Acc +7, SInv) [Jiyva's grace]
 15071 | Lair:2   | Lost mutation: Your body has grown many eyes which may
                  | confuse attackers. (Acc +5) [Jiyva's grace]
 15071 | Lair:2   | Lost mutation: Armour fits poorly on your massive
                  | pseudopods. [Jiyva's grace]
 15071 | Lair:2   | Lost mutation: Your transparent skin significantly reduces
                  | your foes' accuracy. (Stealth+) [Jiyva's grace]
 15071 | Lair:2   | Lost mutation: You are covered in slimy tendrils that may
                  | disarm your opponents. [Jiyva's grace]
 15071 | Lair:2   | Gained mutation: You have an increased reservoir of magic.
                  | (+10% MP) [Jiyva's grace]
 15071 | Lair:2   | Gained mutation: You have a considerably increased
                  | reservoir of magic. (+20% MP) [Jiyva's grace]
 15071 | Lair:2   | Gained mutation: You have a greatly increased reservoir of
                  | magic. (+30% MP) [Jiyva's grace]
 15071 | Lair:2   | Gained mutation: Armour fits poorly on your massive
                  | pseudopods. [Jiyva's grace]
 15249 | Lair:2   | Reached skill level 13 in Dodging
 15713 | Lair:3   | Noticed Kirke
 15713 | Lair:3   | You are sucked into a shaft and drop 2 floors!
 15713 | Lair:5   | Entered Level 5 of the Lair of Beasts
 15732 | Lair:4   | Reached XP level 14. HP: 46/74 MP: 19/19
 15744 | Lair:4   | Identified the staff "Sadost" {Drain rC+++ Int+2 Dex-5
                  | Conj}
 16225 | Lair:4   | Found a sacrificial altar of Ru.
 16257 | Lair:4   | Found a gate leading to a gauntlet.
 16262 | Gauntlet | Entered a Gauntlet
 16262 | Gauntlet | Found a transporter.
 16272 | Gauntlet | Found a transporter.
 16287 | Gauntlet | Found a transporter.
 16292 | Gauntlet | Found a transporter.
 16301 | Gauntlet | Lost mutation: You have a greatly increased reservoir of
                  | magic. (+30% MP) [Jiyva's grace]
 16301 | Gauntlet | Lost mutation: Your muscles are strong. (Str +4, Int/Dex
                  | -1) [Jiyva's grace]
 16301 | Gauntlet | Lost mutation: Your gelatinous body deflects attacks. (AC
                  | +3, EV +3) [Jiyva's grace]
 16301 | Gauntlet | Lost mutation: Armour fits poorly on your massive
                  | pseudopods. [Jiyva's grace]
 16301 | Gauntlet | Lost mutation: Armour fits poorly on your large pseudopods.
                  | [Jiyva's grace]
 16301 | Gauntlet | Lost mutation: Your translucent skin reduces your foes'
                  | accuracy. (Stealth+) [Jiyva's grace]
 16301 | Gauntlet | Gained mutation: Your spells are a little harder to cast,
                  | but a little more powerful. [Jiyva's grace]
 16301 | Gauntlet | Gained mutation: Your spells are harder to cast, but more
                  | powerful. [Jiyva's grace]
 16301 | Gauntlet | Gained mutation: Your spells are much harder to cast, but
                  | much more powerful. [Jiyva's grace]
 16301 | Gauntlet | Gained mutation: You have a somewhat thin skeletal
                  | structure. (Dex +2, Stealth+) [Jiyva's grace]
 16302 | Gauntlet | Lost mutation: Your pliable body absorbs attacks. (AC +2,
                  | EV +2) [potion of mutation]
 16302 | Gauntlet | Lost mutation: You have acidic saliva. [potion of mutation]
 16302 | Gauntlet | Lost mutation: Your rubbery body absorbs attacks. (AC +1,
                  | EV +1) [potion of mutation]
 16302 | Gauntlet | Lost mutation: Your body has grown eyes which may confuse
                  | attackers. (Acc +3) [potion of mutation]
 16302 | Gauntlet | Gained mutation: You have hidden genetic potential. [potion
                  | of mutation]
 16303 | Gauntlet | Lost mutation: You have a considerably increased reservoir
                  | of magic. (+20% MP) [potion of mutation]
 16303 | Gauntlet | Lost mutation: Your translucent skin slightly reduces your
                  | foes' accuracy. (Stealth+) [potion of mutation]
 16303 | Gauntlet | Lost mutation: You have hidden genetic potential. [potion
                  | of mutation]
 16303 | Gauntlet | Gained mutation: You are agile. (Dex +4, Str/Int -1)
                  | [potion of mutation]
 16303 | Gauntlet | Gained mutation: Your muscles are strong. (Str +4, Int/Dex
                  | -1) [potion of mutation]
 16303 | Gauntlet | Lost mutation: You have an increased reservoir of magic.
                  | (+10% MP) [potion of mutation]
 16303 | Gauntlet | Gained mutation: Your skin changes colour to match your
                  | surroundings (Stealth+). [potion of mutation]
 16309 | Gauntlet | Found a transporter.
 16328 | Gauntlet | Found a transporter.
 16340 | Gauntlet | Found a transporter.
 16352 | Gauntlet | Found a transporter.
 16360 | Gauntlet | Found a large runed translucent door.
 16361 | Gauntlet | Found a large runed translucent door.
 16362 | Gauntlet | Found a large runed translucent door.
 16362 | Gauntlet | Found a large runed translucent door.
 16363 | Gauntlet | Found a runed translucent gate.
 16364 | Gauntlet | Found a transporter.
 16364 | Gauntlet | Found a runed translucent gate.
 16365 | Gauntlet | Found a runed translucent gate.
 16366 | Gauntlet | Found a large runed translucent door.
 16366 | Gauntlet | Found a large runed translucent door.
 16366 | Gauntlet | Found a runed translucent door.
 16366 | Gauntlet | Found a runed translucent door.
 16367 | Gauntlet | Found a large runed translucent door.
 16368 | Gauntlet | Found a large runed translucent door.
 16370 | Gauntlet | Found a transporter.
 16370 | Gauntlet | Found a transporter.
 16371 | Gauntlet | Noticed a cacodemon
 16375 | Gauntlet | Found a large runed translucent door.
 16375 | Gauntlet | Found a large runed translucent door.
 16376 | Gauntlet | Found a large runed translucent door.
 16377 | Gauntlet | Found a large runed translucent door.
 16385 | Gauntlet | Found a transporter.
 16402 | Gauntlet | Found a transporter.
 16416 | Gauntlet | Found a large runed translucent door.
 16417 | Gauntlet | Found a large runed translucent door.
 16418 | Gauntlet | Found a large runed translucent door.
 16418 | Gauntlet | Found a large runed translucent door.
 16422 | Gauntlet | Found a transporter.
 16423 | Gauntlet | Found the +3 greatsling "Punk" {acid, rCorr}
 16447 | Gauntlet | Found a transporter.
 16449 | Gauntlet | Found a transporter.
 16469 | Gauntlet | Found a transporter.
 16547 | Gauntlet | Found a transporter.
 16681 | Gauntlet | Identified the +8 orcbow of Toqahunt {drain, rPois MP+9
                  | SInv Stlth+}
 16822 | Gauntlet | Identified the ring "Teon Wott" {*Corrode rF++ rN+ Will+}
 17092 | Lair:3   | Reached skill level 1 in Evocations
 17169 | Lair:3   | Reached skill level 14 in Dodging
 17957 | Lair:3   | Kirke changed into Kirke the frost giant
 17957 | Lair:3   | Noticed Kirke
 17969 | Lair:3   | Killed Kirke the frost giant
 18022 | Lair:3   | Found a hole to the Spider Nest.
 18067 | Lair:3   | Found a staircase to the Swamp.
 18209 | Swamp:1  | Entered Level 1 of the Swamp
 18368 | Swamp:1  | Reached XP level 15. HP: 46/79 MP: 16/16
 18504 | Swamp:1  | HP: 1/79 [swamp dragon] (4)]
 18504 | Swamp:1  | Succumbed to a swamp dragon's poison gas

Illustrated notes

Levels and vault maps discovered:
D:1:      roderic_crossed_star, layout_basic, minivault_11,
          kennysheep_crisscross
D:2:      layout_basic, basic_altar, shapermc_ecumenical_altar_starsandcircs,
          hangedman_abyss_or_decor_lesser_grid
D:3:      minmay_skewed_foursquare, layout_rooms,
          nicolae_overflow_two_pavilions, minmay_misc_feat_five,
          hangedman_feature_mirror, uniq_grinder, uniq_pargi
D:4:      layout_loops_corners, minmay_temple_entry_ruins, minmay_vboxes,
          uniq_blork_the_orc, uniq_duvessa
D:5:      layout_loops_ring, trog_antimagical,
          hellmonk_okawaru_the_only_friend_you_need, ebering_ghost_rock_garden,
          minmay_misc_feat_alley, minmay_a_box_with_orc_wizards_in_it
D:6:      layout_cave_pods, palyth_temple_overflow_mages, portal_sewer_entry_b
D:7:      layout_basic, moated_statue, hangedman_decor_peaks_small
D:8:      layout_gridville, serial_shops, nicolae_shop_rolled_up,
          nicolae_shop_self_help
D:9:      layout_layer_cave, nicolae_ru_great_annihilating_truth, orc_0_dummy,
          serial_glass, glass_columns_a, glass_columns_b, uniq_erica
D:10:     layout_gridville
D:11:     minmay_cornered_nines, layout_stronghold, due_lair_maze_entry_diamond,
          chequers_serial_rivers_small_b, chequers_serial_rivers_small_3
Lair:1:   layout_concentric_octagons, serial_bayou, serial_bayou_ford_a,
          serial_bayou_pond_d, serial_bayou_crossing, serial_bayou_lake_a,
          infiniplex_staircase_pool_2
Lair:2:   layout_layer_cave, chequers_serial_rivers_micro_d
Lair:3:   layout_chaotic_city, swamp_mist, spider_nest_entry_funnel_web,
          bobbens_dragon_lair_wall, uniq_kirke
Lair:4:   layout_cellular_growth, dpeg_slime_entry_enclosed, basic_altar,
          gauntlet_entry_generic, nicolae_lair_lindhole, grunt_megastairs_1
Lair:5:   grunt_lair_end_beastmaster, layout_cave_pods, special_room
          [special_room_mythical_zoo], eino_house_with_fridge,
          serial_bayou_shore_b
Swamp:1:  layout_basic_swamp, evilmike_swamp_ruin_house_4
Orc:1:    layout_caves, uniq_josephine
Orc:2:    st_orc_pillars, layout_caves, nicolae_orc_damp_corner
Elf:1:    layout_gridlike, minmay_elf_sorcery, grunt_ministairs_12

Skill      XL: |  1  2  3  4  5  6  7  8  9 10 11 12 13 14 |
---------------+-------------------------------------------+-----
Stealth        | 1 2 3 5 6 8 9 10 11 12 | 12.8
Short Blades   | 3 4 5 6 8 |  8.5
Dodging        | 5 6 7 8 10 11 13 14 | 14.7
Fighting       | 3 4 5 6 7 8 9 |  9.1
Armour         | 1 2 3 4 |  4.6
Shields        | 3 4 5 6 7 |  7.7
Long Blades    | 4 6 9 11 12 13 | 13.3
Evocations     | 4 |  4.9
Throwing       | |  0.2

Action                     |  1- 3 |  4- 6 |  7- 9 | 10-12 | 13-15 || total
---------------------------+-------+-------+-------+-------+-------++-------
  Melee: Rapier            |    63 |   273 |   199 |       |       ||   535
         Headbutt          |       |     3 |    62 |   153 |    36 ||   254
         Scimitar          |       |       |    99 |   550 |       ||   649
         Pseudopods        |       |       |       |    98 |   145 ||   243
         Bite              |       |       |       |    59 |    57 ||   116
         Long sword        |       |       |       |       |   541 ||   541
  Throw: Throwing net      |       |     3 |       |       |     2 ||     5
 Invoke: Oozemancy         |       |     1 |       |       |     7 ||     8
  Evoke: Phantom mirror    |       |       |       |       |     2 ||     2
         Wand              |       |       |       |       |    48 ||    48
         Tin of tremorston |       |       |       |       |     3 ||     3
         Phial of floods   |       |       |       |       |     1 ||     1
    Use: Scroll            |     4 |     5 |    11 |     5 |     3 ||    28
         Potion            |     3 |     5 |     1 |     7 |     3 ||    19
   Stab: Sleeping          |     3 |     5 |     8 |     8 |    11 ||    35
         Distracted        |       |     1 |     1 |     4 |     7 ||    13
         Confused          |       |       |     2 |     1 |    10 ||    13
 Armour: Robe              |    13 |     1 |       |       |       ||    14
         Troll leather arm |       |    35 |    35 |    25 |    34 ||   129
  Dodge: Dodged            |    56 |   247 |   329 |   622 |   940 ||  2194
  Block: Buckler           |    18 |    82 |   110 |   177 |   281 ||   668

Table legend: (Time is in decaauts)
 A = Elapsed time spent in this place.
 B = Non-inter-level travel time spent in this place.
 C = Inter-level travel time spent in this place.
 D = Time resting spent in this place.
 E = Time spent auto-exploring this place.
 F = Levels seen in this place.
 G = Mean time per level.
                   A        B        C        D        E       F      G
               +--------+--------+--------+--------+--------+-----+--------+
         Total |  12468 |  10941 |   1527 |      0 |   6797 |  22 |  566.7 |
       Dungeon |   6782 |   5722 |   1060 |      0 |   4069 |  11 |  616.5 |
          Lair |   2796 |   2606 |    190 |      0 |   1552 |   5 |  559.2 |
         Swamp |    155 |    155 |      0 |      0 |     70 |   1 |  155.0 |
  Orcish Mines |   1725 |   1496 |    229 |      0 |    631 |   2 |  862.5 |
   Elven Halls |    384 |    337 |     47 |      0 |    124 |   1 |  384.0 |
         Sewer |    171 |    171 |      0 |      0 |     78 |   1 |  171.0 |
      Gauntlet |    452 |    452 |      0 |      0 |    268 |   1 |  452.0 |
               +--------+--------+--------+--------+--------+-----+--------+

Top non-repeatable levels by time:
   Orc:2: 1271 daAuts
  Lair:2: 972 daAuts
     D:9: 887 daAuts
  Lair:3: 877 daAuts
     D:4: 798 daAuts
     D:3: 742 daAuts
     D:5: 707 daAuts
    D:11: 699 daAuts
     D:8: 627 daAuts
     D:6: 602 daAuts
  Lair:1: 547 daAuts
     D:2: 529 daAuts
   Orc:1: 453 daAuts
Gauntlet: 452 daAuts
     D:1: 441 daAuts
